 Dungeon Crawl Stone Soup version 0.27-a0-1281-ge233d83751 (webtiles) character file.

Game seed: 4681147561378871375

1798 sanka the Nimble (level 9, -1/53 HPs)
             Began as an Octopode Transmuter on June 13, 2021.
             Was an Initiate of Ashenzari.
             Slain by a wyvern (15 damage)
             ... on level 8 of the Dungeon.
             The game lasted 00:15:45 (11083 turns).

sanka the Nimble (Octopode Transmuter)             Turns: 11083, Time: 00:15:46

Health: -1/53      AC:  2    Str:  9    XL:     9   Next: 9%
Magic:  19/21      EV: 29    Int: 15    God:    Ashenzari [......]
Gold:   359        SH:  0    Dex: 21    Spells: 6/12 levels left

rFire    . . .     SeeInvis +     - Unarmed
rCold    . . .     Faith    .   (shield currently unavailable)
rNeg     . . .     Spirit   .   (helmet currently unavailable)
rPois    x         Reflect  .   (no amulet)
rElec    .         Harm     .   g - ring of wizardry
rCorr    .         Rampage  .   h - ring of see invisible
Will     .....                  j - ring "Cursed Minor Irritation" {MP+9, Alch, Evo} (curse)
Stlth    ++........             (no ring)
HPRegen  0.17/turn              (no ring)
MPRegen  0.17/turn              (no ring)
                                (no ring)
                                (no ring)

@: spider-form
A: venomous fangs, almost no armour, (amphibious), 8 rings, tiny, (camouflage
1), (gelatinous body 1), (nimble swimmer 1), (tentacles)
a: End Transformation, Renounce Religion, Shatter the Chains


You were on level 8 of the Dungeon.
You worshipped Ashenzari.
Ashenzari was noncommittal.
You were a venomous arachnid creature.
You visited 2 branches of the dungeon, and saw 9 of its levels.

You collected 359 gold pieces.


Innate Abilities, Weirdness & Mutations

You are a venomous arachnid creature.
You have poisonous fangs.
You are tiny and dextrous.
Your spellcasting is less reliable in this form.
Your armour is entirely melded.
You are incapable of wielding weapons or throwing items.
You cannot wear most types of armour.
((You are amphibious.))
You can wear up to eight rings at the same time.
((Your skin changes colour to match your surroundings (Stealth+).))
((Your rubbery body absorbs attacks. (AC +1, EV +1)))
((You are camouflaged near water. (Stealth+)))
((You have tentacles for arms and can constrict up to eight enemies at once.))


   Skills:
 - Level 1.0 Fighting
 - Level 10.0 Dodging
 + Level 4.9 Unarmed Combat
 - Level 2.0 Spellcasting
 - Level 4.0(4.4) Transmutations
 - Level 3.0(3.4) Poison Magic


You had 6 spell levels left.
You knew the following spells:

 Your Spells              Type           Power      Damage    Failure   Level
x - Beastly Appendage     Tmut           28%        N/A       4%          1
y - Wereblood             Tmut           14%        N/A       6%          2
z - Spider Form           Tmut/Pois      6%         N/A       12%         3

Your spell library contained the following spells:

 Spells                   Type           Power      Damage    Failure   Level
 Corona                   Hex            1%         N/A       19%         1
 Magic Dart               Conj           4%         1d3       19%         1
 Blink                    Tloc           N/A        N/A       26%         2
 Call Imp                 Summ           1%         N/A       26%         2
 Ensorcelled Hibernation  Hex/Ice        2%         N/A       26%         2
 Slow                     Hex            1%         N/A       26%         2
 Mephitic Cloud           Conj/Pois/Air  4%         N/A       30%         3
 Confusing Touch          Hex            1%         N/A       41%         3
 Conjure Flame            Conj/Fire      1%         6-21      41%         3
 Dazzling Flash           Conj/Hex       2%         N/A       41%         3
 Tukima's Dance           Hex            1%         N/A       41%         3
 Ice Form                 Ice/Tmut       8%         N/A       50%         4

Inventory:

Jewellery
 g - a ring of wizardry (left front leg)
 h - a ring of see invisible (right front leg)
 j - the cursed ring "Cursed Minor Irritation" (on tentacle) {MP+9, Alch, Evo}

   [ring of magical power]

   It affects your magic capacity (+9).
   It has a curse which improves the following skills: Alchemy: Poison Magic and
   Transmutations.
   Evocations: Evocations.
Wands
 m - a wand of flame (8)
 n - a wand of polymorph (6)
Scrolls
 c - 3 scrolls of enchant armour
 d - a scroll of holy word
 e - 2 scrolls of fog
 f - 2 scrolls of amnesia
 i - a scroll of blinking
 k - 2 scrolls of immolation {!r}
 l - a scroll of vulnerability {!r}
 r - a scroll of teleportation {@r4}
Potions
 a - 3 potions of curing {@q1}
 b - 2 potions of heal wounds {@q2}
 o - a potion of ambrosia
 p - a potion of might
 q - a potion of haste {@q3}

Dungeon Overview and Level Annotations

Branches:
Dungeon (8/15)             Temple (1/1) D:5
   Lair: D:8-11

Altars:
Ashenzari
Cheibriados
Dithmenos
Elyvilon
Fedhas
Gozag
Hepliaklqana
Makhleb
Nemelex Xobeh
Okawaru
Qazlal
Ru
Sif Muna
Trog
Uskayaw
Vehumet
Wu Jian
Xom
Yredelemnul
The Shining One

Shops:
D:1 [

Annotations:
D:7 Dowan, Duvessa

▒▒▒▒ ▒▒..▒ ▒▒▒
▒... ▒▒..▒▒▒▒...▒▒
.
▒.......▒▒.l▒▒▒...
▒.........s.......
▒........▒.......
▒>......▒▒▒......
▒▒..............▒
▒▒..............
▒▒..<.▒▒.....▒▒
▒.............
▒▒............
▒▒..........


You could see a wyvern (extremely poisoned).


Message History

A wyvern comes into view.
You turn into a venomous arachnid creature.
Unknown command.
The wyvern hisses angrily.
The wyvern bites you!
You hit the wyvern.
The wyvern is lightly wounded.
The wyvern completely misses you.
You barely miss the wyvern.
The wyvern is lightly wounded.
The wyvern closely misses you. The wyvern completely misses you.
You hit the wyvern.
The wyvern is lightly wounded.
The wyvern bites you.
You hit the wyvern.
The wyvern is poisoned.
The wyvern is lightly wounded.
The wyvern bites you!
* * * LOW HITPOINT WARNING * * *
You hit the wyvern but do no damage.
The wyvern looks as sick as possible!
The wyvern is moderately wounded.
The wyvern completely misses you. The wyvern bites you.
* * * LOW HITPOINT WARNING * * *
You hit the wyvern.
The wyvern is heavily wounded.
The wyvern bites you!
You die...

Action                   |  1- 3 |  4- 6 |  7- 9 || total
-------------------------+-------+-------+-------++-------
Melee: Unarmed           |    97 |   176 |   226 ||   499
       Tentacles         |    17 |    29 |     6 ||    52
       Constrict         |    19 |    30 |     3 ||    52
       Punch             |     1 |     2 |     2 ||     5
 Cast: Spider Form       |       |     9 |    25 ||    34
Invok: Curse Item        |       |       |     1 ||     1
Evoke: Wand              |       |     1 |     5 ||     6
  Use: Potion            |       |     4 |     1 ||     5
       Scroll            |       |     4 |       ||     4
 Stab: Sleeping          |     6 |     5 |     3 ||    14
Armor: Skin              |     9 |    24 |    11 ||    44
Dodge: Dodged            |    60 |   145 |   313 ||   518

Levels and vault maps discovered:
D:1:      minmay_arrival_loop, layout_basic,
          shapermc_ecumenical_altar_starsandcircs, serial_shops,
          nicolae_shop_waterfront, minivault_11, minmay_misc_feat_alley
D:2:      layout_basic, grunt_ministairs_15, kennysheep_doodads,
          uniq_crazy_yiuf_cottage
D:3:      layout_basic, lemuel_tele_altar, kennysheep_crisscross,
          chequers_arboretum, uniq_ijyb, uniq_robin
D:4:      layout_layer_cave, kb_xom_exploding_sheep, portal_sewer_entry_f
D:5:      layout_loops_corners, grunt_temple_overflow_holy_war,
          minmay_temple_entry_tees
D:6:      layout_gridville, kennysheep_generic_room_4
D:7:      layout_rooms, zin_purify, centaur_isle, uniq_duvessa, uniq_pikel
D:8:      layout_cave_pools, kennysheep_mini, chequers_serial_rivers_micro_e
Temple:   nicolae_temple_x_marks_the_god

Notes
Turn   | Place    | Note
-------+----------+-------------------------------------------
     0 | D:1      | sanka the Octopode Transmuter began the quest for the Orb.
     0 | D:1      | Reached XP level 1. HP: 13/13 MP: 3/3
   136 | D:1      | Found a faded altar of an unknown god.
   255 | D:1      | Reached XP level 2. HP: 15/18 MP: 5/5
   319 | D:1      | Found Xahig's Antique Armour Shop.
   548 | D:1      | Reached skill level 3 in Transmutations
   806 | D:1      | Reached XP level 3. HP: 17/23 MP: 6/6
  2511 | D:3      | Learned a level 2 spell: Wereblood
  2515 | D:3      | Learned a level 3 spell: Spider Form
  2604 | D:3      | Reached skill level 4 in Transmutations
  2605 | D:3      | Reached skill level 1 in Poison Magic
  2608 | D:3      | Reached XP level 4. HP: 17/28 MP: 7/7
  2736 | D:3      | Found a stormy altar of Qazlal.
  2975 | D:3      | Noticed Robin
  2986 | D:3      | Killed Robin
  2987 | D:3      | Reached skill level 2 in Poison Magic
  3325 | D:3      | Noticed Ijyb
  4017 | D:3      | Reached skill level 3 in Poison Magic
  4192 | D:3      | Killed Ijyb
  4193 | D:3      | Reached XP level 5. HP: 17/33 MP: 8/8
  4586 | D:4      | Noticed a phantom
  5136 | D:4      | Noticed a dream sheep
  5136 | D:4      | Noticed a dream sheep
  5136 | D:4      | Noticed a dream sheep
  5136 | D:4      | Noticed a dream sheep
  5136 | D:4      | Noticed a dream sheep
  5136 | D:4      | Found a shimmering altar of Xom.
  5141 | D:4      | Killed a dream sheep
  5141 | D:4      | Killed a dream sheep
  5141 | D:4      | Killed a dream sheep
  5141 | D:4      | Killed a dream sheep
  5142 | D:4      | Killed a dream sheep
  5159 | D:4      | Reached skill level 3 in Dodging
  6444 | D:5      | Entered Level 5 of the Dungeon
  6684 | D:5      | Reached skill level 4 in Dodging
  6684 | D:5      | Reached XP level 6. HP: 24/38 MP: 9/9
  6867 | D:5      | Noticed a two-headed ogre
  7028 | D:5      | Reached skill level 5 in Dodging
  7287 | D:5      | Found a staircase to the Ecumenical Temple.
  7294 | Temple   | Entered the Ecumenical Temple
  7349 | Temple   | Became a worshipper of Ashenzari the Shackled
  7697 | D:5      | Noticed a sky beast
  7715 | D:5      | Killed a sky beast
  7716 | D:5      | Reached skill level 6 in Dodging
  7716 | D:5      | Reached XP level 7. HP: 43/43 MP: 10/10
  7887 | D:5      | Found a glowing golden altar of the Shining One.
  8008 | D:5      | Found a basalt altar of Yredelemnul.
  8010 | D:5      | Noticed a profane servitor
  8363 | D:5      | Reached skill level 7 in Dodging
  8372 | D:5      | Reached XP level 8. HP: 35/48 MP: 11/11
  8494 | D:5      | Reached skill level 8 in Dodging
  9212 | D:6      | Noticed a hornet
  9226 | D:6      | Killed a hornet
  9227 | D:6      | Reached skill level 9 in Dodging
  9604 | D:6      | Reached skill level 10 in Dodging
 10214 | D:7      | Reached skill level 4 in Unarmed Combat
 10214 | D:7      | Reached XP level 9. HP: 38/53 MP: 12/12
 10556 | D:7      | Noticed Duvessa
 10565 | D:7      | Noticed Dowan
 10661 | D:7      | HP: 2/53 [centaur/arrow (11)]
 11083 | D:8      | Slain by a wyvern

Vanquished Creatures
  A hornet (D:6)
  3 black bears
  A sky beast (D:5)
  2 centaurs
  An ogre (D:5)
  A phantom (D:5)
  3 scorpions (D:5)
  A howler monkey (D:6)
  An orc priest (D:7)
  4 hounds
  A centaur zombie (D:5)
  A gnoll shaman (D:6)
  Ijyb (D:3)
  2 bullfrog skeletons
  3 iguanas
  A scorpion zombie (D:5)
  A killer bee zombie (D:6)
  Robin (D:3)
  11 gnolls
  5 adders
  A shadow imp (D:6)
  A white imp (D:7)
  An ufetubus (D:5)
  A worm (D:3)
  2 dart slugs
  5 orcs
  6 bats
  6 endoplasms
  4 giant cockroaches
  15 goblins
  6 hobgoblins
  8 jackals
  9 kobolds
  6 quokkas
  6 ball pythons
  A frilled lizard (D:3)
  5 rats
128 creatures vanquished.

Vanquished Creatures (others)
  5 dream sheep (D:4)
5 creatures vanquished.

Grand Total: 133 creatures vanquished
